 Dungeon Crawl Stone Soup version 0.27-a0-1319-geec4fb4e21 (webtiles) character file.

Game seed: 11825591107003305164

3 solopath the Ruffian (level 1, -2/18 HPs)
             Began as a Naga Transmuter on June 22, 2021.
             Slain by a hobgoblin (4 damage)
             ... on level 1 of the Dungeon.
             The game lasted 00:00:24 (170 turns).

solopath the Ruffian (Naga Transmuter)               Turns: 170, Time: 00:00:25

Health: -2/18      AC:  1    Str: 12    XL:     1   Next: 50%
Magic:  2/3        EV:  9    Int: 13    God:
Gold:   0          SH:  0    Dex: 11    Spells: 3/4 levels left

rFire    . . .     SeeInvis +     - Unarmed
rCold    . . .     Faith    .   (no shield)
rNeg     . . .     Spirit   .   a - +0 robe
rPois    +         Reflect  .   (helmet currently unavailable)
rElec    .         Harm     .   (no cloak)
rCorr    .         Rampage  .   (no gloves)
Will     .....                  (no barding)
Stlth    +.........             (no amulet)
HPRegen  0.06/turn              (no ring)
MPRegen  0.08/turn              (no ring)

@: short of breath, appendages (expiring), very slow
A: horns 2, AC +0, large, see invisible, deformed body, poison resistance,
slowness 2, spit poison 1, naga tail 1
a: Spit Poison, End Transformation


You were on level 1 of the Dungeon.
You had temporarily grown beastly horns.
You visited 1 branch of the dungeon, and saw 1 of its levels.

Inventory:

Armour
 a - a +0 robe (worn)
Scrolls
 b - a scroll of blinking {unknown}
Potions
 c - a potion of curing {unknown}


   Skills:
 - Level 1.0 Fighting
 - Level 1.5 Dodging
 + Level 0.4 Stealth
 * Level 3.1 Unarmed Combat
 - Level 2.0 Spellcasting
 * Level 2.1 Transmutations


You had 3 spell levels left.
You knew the following spells:

 Your Spells              Type           Power      Damage    Failure   Level
a - Beastly Appendage     Tmut           12%        N/A       11%         1

Your spell library contained the following spells:

 Spells                   Type           Power      Damage    Failure   Level
 Wereblood                Tmut           6%         N/A       16%         2
 Spider Form              Tmut/Pois      2%         N/A       45%         3
 Ice Form                 Ice/Tmut       4%         N/A       86%         4


Dungeon Overview and Level Annotations

Branches:
Dungeon (1/15)

Altars:


Innate Abilities, Weirdness & Mutations

You have temporarily grown beastly horns.
Your serpentine skin is tough. (AC +0)
You have supernaturally acute eyesight. (SInv)
Armour fits poorly on your strangely shaped body.
Your system is resistant to poisons. (rPois)
You cover ground very slowly.
You can spit poison.
You have a snake-like lower body.


Message History

The hobgoblin hits you.
Press: ? - help, Shift-Dir - straight line, f - hobgoblin
Aim: a hobgoblin The splash of poison hits the hobgoblin.
The hobgoblin is heavily wounded.
The kobold shouts!
The hobgoblin hits you but does no damage.
The kobold throws a stone.
The stone hits you.
You completely miss the hobgoblin.
The hobgoblin is heavily wounded.
The hobgoblin hits you.
The kobold throws a stone.
The stone closely misses you.
A hobgoblin comes into view.
You have got your breath back.
Press: ? - help, Shift-Dir - straight line, f/p - hobgoblin
Aim: a hobgoblin (heavily wounded)
The splash of poison misses the hobgoblin.
The hobgoblin closely misses you.
Casting: Beastly Appendage (safe; 11% risk of failure)
Confirm with . or Enter, or press ? or * to list all spells.
You grow a pair of large bovine horns.
The hobgoblin hits you.
You barely miss the hobgoblin.
The hobgoblin is heavily wounded.
You closely miss the hobgoblin.
The hobgoblin is heavily wounded.
You have got your breath back.
The hobgoblin hits you. x2
You are too injured to fight recklessly!
Your transformation is almost over.
The hobgoblin completely misses you.
You closely miss the hobgoblin. Your headbutt misses the hobgoblin.
The hobgoblin is heavily wounded.
The hobgoblin barely misses you.
Unknown command.
Press: ? - help, Shift-Dir - straight line, f - kobold, p - hobgoblin
Aim: a kobold, wielding a +0 whip and quivering stones The splash of poison misses the kobold.
The kobold hits you with a +0 whip.
* * * LOW HITPOINT WARNING * * *
The hobgoblin hits you.
You die...

#.# #.# #.###.####
#........#
#####.##.#
#.##.############...
#.##.##....g..K.....
#.##†##.###g#.......
#.##.##.###@#.......
#.##........K.P.♣P.g
#........##.##P.♣ P.
#............# #..♣
. #.###.....#..# ..P
# #..#.##..# #P..
#..#.##..# .
#..#.##..# .....#


You could see 2 hobgoblins and a kobold.

Vanquished Creatures
  A dart slug (D:1)
  A rat (D:1)
2 creatures vanquished.

Vanquished Creatures (others)
  2 plants (D:1)
2 creatures vanquished.

Grand Total: 4 creatures vanquished

Notes
Turn   | Place    | Note
-------+----------+-------------------------------------------
     0 | D:1      | solopath the Naga Transmuter began the quest for the Orb.
     0 | D:1      | Reached XP level 1. HP: 18/18 MP: 3/3
   170 | D:1      | Slain by a hobgoblin

Illustrated notes

Levels and vault maps discovered:
D:1:      pf_arrival_petrified_forest, layout_loops_ring, serial_shops,
          nicolae_square_shop, serial_forest, infiniplex_forest_lined_room_3,
          infiniplex_forest_lined_2, infiniplex_forest_lined_room_3,
          infiniplex_forest_lined_3, infiniplex_forest_straight_2,
          infiniplex_forest_clump_diagonal

Action                   || total
-------------------------++-------
Melee: Unarmed           ||     8
 Cast: Beastly Appendage ||     1
 Abil: Spit Poison       ||     5
Armor: Robe              ||     1
Dodge: Dodged            ||     6

Table legend: (Time is in decaauts)
 A = Elapsed time spent in this place.
 B = Non-inter-level travel time spent in this place.
 C = Inter-level travel time spent in this place.
 D = Time resting spent in this place.
 E = Time spent auto-exploring this place.
 F = Levels seen in this place.
 G = Mean time per level.
                   A        B        C        D        E       F      G
               +--------+--------+--------+--------+--------+-----+--------+
         Total |    211 |    211 |      0 |     48 |    130 |   1 |  211.0 |
       Dungeon |    211 |    211 |      0 |     48 |    130 |   1 |  211.0 |
               +--------+--------+--------+--------+--------+-----+--------+

Top non-repeatable levels by time:
     D:1: 211 daAuts
